[Event "Norway Eliteserien 2023-24"]
[Site "Oslo"]
[Date "2024.02.04"]
[Round "5.24"]
[White "Sahl, Bjarke"]
[Black "Holm, Kristian Stuvik"]
[Result "0-1"]
[ECO "D45"]
[WhiteElo "2216"]
[BlackElo "2492"]
[Annotator "ChessBase"]
[PlyCount "77"]
[EventDate "2023.10.27"]
[EventType "team-tourn"]
[EventCountry "NOR"]
[SourceTitle "playchess.com"]
[Source "ChessBase"]
[SourceQuality "1"]
[TimeControl "40/5400+30:1800+30"]

1. Nf3 d5 2. c4 e6 3. e3 Nf6 4. a3 c6 5. Nc3 Bd6 6. d4 Nbd7 7. Be2 O-O 8. O-O Qe7 9. Bd2 dxc4 10. Bxc4 e5 11. dxe5 Nxe5 12. Nxe5 Qxe5 13. f4 Qe7 14. Qc2 Bc5 15. Rae1 Rd8 16. b4 Bb6 17. h3 Be6 18. Bxe6 Qxe6 19. Na4 Ne4 20. Bc1 Ng3 21. f5 Qd6 22. Nxb6 axb6 23. Rf3 Re8 24. e4 Qd4+ 25. Be3 Qxe4 26. Qxe4 Nxe4 27. Bxb6 Nd2 28. Rxe8+ Rxe8 29. Rf4 Nb1 30. Rf3 Ra8 31. Ba5 Nd2 32. Rc3 h5 33. Kh2 Ra6 34. g4 hxg4 35. hxg4 Ne4 36. Rd3 b6 37. Rd8+ Kh7 38. Bxb6 Rxb6 39. Rd7 0-1

[Event "Norway Eliteserien 2023-24"]
[Site "Oslo"]
[Date "2024.02.04"]
[Round "5.25"]
[White "Hobber, Anders"]
[Black "Aulin-Jansson, Joran"]
[Result "1/2-1/2"]
[ECO "A53"]
[WhiteElo "2359"]
[BlackElo "2102"]
[Annotator "ChessBase"]
[PlyCount "188"]
[EventDate "2023.10.27"]
[EventType "team-tourn"]
[EventCountry "NOR"]
[SourceTitle "playchess.com"]
[Source "ChessBase"]
[SourceQuality "1"]
[TimeControl "40/5400+30:1800+30"]

1. d4 Nf6 2. Nf3 d6 3. c4 Bg4 4. Qb3 Qc8 5. Nc3 Nbd7 6. g3 e5 7. Be3 Be7 8. Bg2 O-O 9. h3 Bh5 10. Nh4 c6 11. O-O Re8 12. Qc2 Qc7 13. Rad1 Rad8 14. Rfe1 Nb6 15. b3 d5 16. dxe5 Qxe5 17. Bd4 Qe6 18. cxd5 Nfxd5 19. Nxd5 Nxd5 20. Nf5 Bf6 21. Bxf6 Nxf6 22. Nd4 Qe5 23. Nf3 Rxd1 24. Qxd1 Qa5 25. g4 Bg6 26. Qd2 Qxd2 27. Nxd2 Rd8 28. Nc4 Be4 29. f3 Bd5 30. Rd1 Rd7 31. Ne5 Re7 32. f4 h6 33. Bf1 Ne4 34. Rd3 g5 35. e3 f6 36. Nc4 h5 37. Bg2 hxg4 38. hxg4 Bxc4 39. bxc4 Nc5 40. Rd8+ Kf7 41. Kf2 Rd7 42. Rxd7+ Nxd7 43. Be4 Ke7 44. Ke2 Kd6 45. Bf5 Nb6 46. Kd3 Na4 47. Kd4 Nc5 48. Bc8 b6 49. Bf5 a6 50. Bc8 b5 51. cxb5 axb5 52. a3 Na4 53. Ke4 Nc3+ 54. Kf5 Nd5 55. fxg5 Ne7+ 56. Ke4 fxg5 57. Bf5 c5 58. Bh7 Ke6 59. Kd3 Ke5 60. Kd2 Kd5 61. Bd3 c4 62. Bc2 Kc5 63. Be4 Nc6 64. Kc3 b4+ 65. axb4+ Nxb4 66. Bf3 Nd5+ 67. Kd2 Nc7 68. Be4 Kb4 69. Bc2 Ne6 70. Bf5 Nc5 71. Kc2 Nb3 72. Be6 Nc5 73. Bf5 Na6 74. e4 Kc5 75. Kc3 Nc7 76. Bd7 Na8 77. Ba4 Nb6 78. Be8 Nc8 79. e5 Nb6 80. Bf7 Nd5+ 81. Kd2 Kd4 82. e6 c3+ 83. Kc2 Ne7 84. Be8 Kc4 85. Ba4 Kb4 86. Bb3 Nc6 87. Ba2 Kc5 88. Kxc3 Kd6 89. Kd3 Ne5+ 90. Ke4 Nxg4 91. Kf5 Ne5 92. Bd5 Nd3 93. Kxg5 Nc5 94. Kf6 Nxe6 1/2-1/2

[Event "Norway Eliteserien 2023-24"]
[Site "Oslo"]
[Date "2024.02.04"]
[Round "5.26"]
[White "Strand, Vetle Bjorge"]
[Black "Westrum, Kim Roger Hansen"]
[Result "1-0"]
[ECO "B30"]
[WhiteElo "2089"]
[BlackElo "2226"]
[Annotator "ChessBase"]
[PlyCount "97"]
[EventDate "2023.10.27"]
[EventType "team-tourn"]
[EventCountry "NOR"]
[SourceTitle "playchess.com"]
[Source "ChessBase"]
[SourceQuality "1"]
[TimeControl "40/5400+30:1800+30"]

1. e4 c5 2. Nf3 Nc6 3. Bb5 Nf6 4. Bxc6 dxc6 5. d3 Qc7 6. h3 e5 7. Be3 h6 8. Nc3 Bd6 9. Qd2 Be6 10. b3 c4 11. bxc4 Bb4 12. Rb1 Qa5 13. Rxb4 Qxb4 14. Nxe5 Rd8 15. O-O Nd7 16. Nxd7 Rxd7 17. c5 O-O 18. g4 Rfd8 19. f4 f6 20. f5 Bf7 21. h4 Bc4 22. Rb1 Qa3 23. Qe1 Bf7 24. Kg2 Qa5 25. a4 Re8 26. Ne2 Qxa4 27. Qc3 Rxe4 28. dxe4 Qxe4+ 29. Kf2 Bd5 30. Rg1 Qf3+ 31. Ke1 Re7 32. Kd2 Re4 33. Nd4 Qh3 34. g5 Qh2+ 35. Kc1 Qe5 36. Kd2 Qh2+ 37. Kc1 Qe5 38. Re1 hxg5 39. hxg5 fxg5 40. Bf2 Qf4+ 41. Qd2 Rxe1+ 42. Bxe1 Qe5 43. Bf2 g4 44. Qg5 Bf3 45. Qd8+ Kh7 46. Qd6 Qe4 47. Qg6+ Kh8 48. Ne6 Qf4+ 49. Nxf4 1-0

[Event "Norway Eliteserien 2023-24"]
[Site "Oslo"]
[Date "2024.02.04"]
[Round "5.31"]
[White "Tari, Aryan"]
[Black "Sklyarov, Dmitry V."]
[Result "1-0"]
[ECO "C11"]
[WhiteElo "2635"]
[BlackElo "2450"]
[Annotator "ChessBase"]
[PlyCount "59"]
[EventDate "2023.10.27"]
[EventType "team-tourn"]
[EventCountry "NOR"]
[SourceTitle "playchess.com"]
[Source "ChessBase"]
[SourceQuality "1"]
[TimeControl "40/5400+30:1800+30"]

1. e4 e6 2. d4 d5 3. Nc3 Nf6 4. e5 Nfd7 5. Nce2 c5 6. c3 Nc6 7. f4 Be7 8. Nf3 O-O 9. Be3 b5 10. f5 cxd4 11. cxd4 Qa5+ 12. Bd2 Qb6 13. h4 Bb7 14. Qb1 Rac8 15. h5 f6 16. h6 g6 17. fxg6 fxe5 18. gxh7+ Kf7 19. Rh5 Nb4 20. Ng5+ Bxg5 21. Rxg5 Nc2+ 22. Qxc2 Rxc2 23. Rg7+ Ke8 24. Rg8 exd4 25. h8=Q d3 26. Rxf8+ Nxf8 27. Bb4 dxe2 28. Qxf8+ Kd7 29. Qf7+ Kc8 30. Qg8+ 1-0

[Event "Norway Eliteserien 2023-24"]
[Site "Oslo"]
[Date "2024.02.04"]
[Round "5.32"]
[White "Mikalsen, Erlend"]
[Black "Urkedal, Frode Olav Olsen"]
[Result "0-1"]
[ECO "C27"]
[WhiteElo "2341"]
[BlackElo "2525"]
[Annotator "ChessBase"]
[PlyCount "93"]
[EventDate "2023.10.27"]
[EventType "team-tourn"]
[EventCountry "NOR"]
[SourceTitle "playchess.com"]
[Source "ChessBase"]
[SourceQuality "1"]
[TimeControl "40/5400+30:1800+30"]

1. e4 e5 2. Nc3 Nf6 3. Bc4 Bc5 4. d3 O-O 5. f4 exf4 6. Bxf4 c6 7. d4 Bb4 8. e5 d5 9. Bd3 Ne4 10. Bxe4 Bxc3+ 11. bxc3 dxe4 12. Ne2 Be6 13. Ng3 f5 14. exf6 Nd7 15. O-O Nxf6 16. Be5 Ng4 17. Nxe4 Rxf1+ 18. Qxf1 Nxe5 19. dxe5 Qd5 20. Ng5 Qxe5 21. Nxe6 Qxe6 22. Qf2 b6 23. a4 Rf8 24. Qd2 Re8 25. a5 Qe3+ 26. Qxe3 Rxe3 27. axb6 axb6 28. Ra3 Re2 29. Ra2 b5 30. h4 h6 31. Kf1 Rd2 32. g4 Rh2 33. h5 Rh4 34. Ra6 Rxg4 35. Rxc6 Rc4 36. Rxc4 bxc4 37. Kf2 g6 38. hxg6 Kg7 39. Kf3 Kxg6 40. Kg4 h5+ 41. Kh4 Kh6 42. Kg3 Kg5 43. Kh3 h4 44. Kg2 Kg4 45. Kh2 Kf3 46. Kh3 Ke3 47. Kxh4 0-1

[Event "Norway Eliteserien 2023-24"]
[Site "Oslo"]
[Date "2024.02.04"]
[Round "5.33"]
[White "Kaasen, Tor Fredrik"]
[Black "Nielsen, Andre"]
[Result "1-0"]
[ECO "C78"]
[WhiteElo "2437"]
[BlackElo "2271"]
[Annotator "ChessBase"]
[PlyCount "109"]
[EventDate "2023.10.27"]
[EventType "team-tourn"]
[EventCountry "NOR"]
[SourceTitle "playchess.com"]
[Source "ChessBase"]
[SourceQuality "1"]
[TimeControl "40/5400+30:1800+30"]

1. e4 e5 2. Nf3 Nc6 3. Bb5 a6 4. Ba4 Nf6 5. O-O Bc5 6. c3 b5 7. Bb3 d6 8. a4 Bg4 9. h3 Bxf3 10. Qxf3 Na5 11. Bc2 b4 12. Qd1 Rb8 13. d4 b3 14. Bd3 exd4 15. cxd4 Bxd4 16. Bxa6 Bb6 17. Bg5 O-O 18. Nc3 c6 19. Kh1 Qe7 20. f4 Bc7 21. Bd3 Qe6 22. Qf3 Nd7 23. Rad1 f6 24. Bh4 Rb4 25. Be1 Rd4 26. Bf2 Rb4 27. Qe2 Nc5 28. Bxc5 dxc5 29. Qh5 Qe7 30. Bb1 g6 31. Qg4 Rd8 32. Rxd8+ Qxd8 33. e5 Kg7 34. exf6+ Qxf6 35. Ne4 Qf5 36. Qf3 Qd5 37. Qc3+ Qd4 38. Nxc5 Kf7 39. f5 g5 40. Qxd4 Rxd4 41. Ne6 Rd7 42. Nxg5+ Kf6 43. Ne4+ Kf7 44. f6 h6 45. g4 Nc4 46. g5 Ne3 47. g6+ Kxg6 48. f7 Rxf7 49. Nd6+ Kh5 50. Rxf7 Bxd6 51. Rb7 Nc4 52. Rxb3 Be5 53. Rb4 Nxb2 54. a5 Bc3 55. Rb3 1-0

[Event "Norway Eliteserien 2023-24"]
[Site "Oslo"]
[Date "2024.02.04"]
[Round "5.34"]
[White "Bruaset, Eivind"]
[Black "Haldorsen, Benjamin"]
[Result "1/2-1/2"]
[ECO "B47"]
[WhiteElo "2239"]
[BlackElo "2427"]
[Annotator "ChessBase"]
[PlyCount "98"]
[EventDate "2023.10.27"]
[EventType "team-tourn"]
[EventCountry "NOR"]
[SourceTitle "playchess.com"]
[Source "ChessBase"]
[SourceQuality "1"]
[TimeControl "40/5400+30:1800+30"]

1. e4 c5 2. Nf3 e6 3. d4 cxd4 4. Nxd4 Nc6 5. Nc3 Qc7 6. g4 a6 7. h4 b5 8. Nxc6 Qxc6 9. a3 Bb7 10. Rh3 b4 11. axb4 Bxb4 12. Qd4 Qxe4+ 13. Qxe4 Bxe4 14. Bd2 Bb7 15. Na4 Bxd2+ 16. Kxd2 Nf6 17. Nc5 Bc6 18. g5 Ng4 19. f4 Ke7 20. Rxa6 Rxa6 21. Nxa6 Nf2 22. Rh2 Ne4+ 23. Ke3 Nd6 24. Bd3 h6 25. b4 hxg5 26. fxg5 f5 27. gxf6+ gxf6 28. c4 f5 29. b5 Bb7 30. c5 Nf7 31. Nb4 Ne5 32. Be2 Kf6 33. h5 Kg5 34. h6 f4+ 35. Kd4 Kf6 36. Rh5 Nf3+ 37. Kc3 Ng5 38. c6 dxc6 39. bxc6 Bc8 40. Bd3 Nf7 41. h7 Nd6 42. Kd4 Nf7 43. Kc3 Nd6 44. Kd4 Nf7 45. Kc3 Ng5 46. Rh6+ Kf7 47. Rh5 Kf6 48. Rh6+ Kf7 49. Rh5 Kf6 1/2-1/2

[Event "Norway Eliteserien 2023-24"]
[Site "Oslo"]
[Date "2024.02.04"]
[Round "5.35"]
[White "Johansson, Linus"]
[Black "Skaar, Ben Samuel Groth"]
[Result "1/2-1/2"]
[ECO "D31"]
[WhiteElo "2434"]
[BlackElo "1980"]
[Annotator "ChessBase"]
[PlyCount "75"]
[EventDate "2023.10.27"]
[EventType "team-tourn"]
[EventCountry "NOR"]
[SourceTitle "playchess.com"]
[Source "ChessBase"]
[SourceQuality "1"]
[TimeControl "40/5400+30:1800+30"]

1. d4 d5 2. c4 e6 3. Nc3 a6 4. cxd5 exd5 5. Qb3 c6 6. e4 dxe4 7. Bc4 Qe7 8. a4 Be6 9. Bxe6 fxe6 10. Nh3 Nf6 11. Bg5 a5 12. O-O Na6 13. Rae1 O-O-O 14. Rxe4 Nc7 15. Na2 Qd6 16. Re5 Qxd4 17. Rxa5 Rd5 18. Be3 Qd3 19. Qb6 Rxa5 20. Qxa5 Qd5 21. Qxd5 exd5 22. Ng5 Be7 23. h3 h6 24. Nf3 Ne4 25. Rc1 Bf6 26. b3 Ne6 27. Nd2 Nd6 28. Bc5 Nxc5 29. Rxc5 Re8 30. Kf1 Nf5 31. Nf3 Kd7 32. Nc1 Kd6 33. Nd3 g5 34. g4 Nd4 35. Nxd4 Bxd4 36. Rc2 c5 37. Ne1 Rf8 38. Rd2 1/2-1/2

[Event "Norway Eliteserien 2023-24"]
[Site "Oslo"]
[Date "2024.02.04"]
[Round "5.36"]
[White "Hammari, Vinjar"]
[Black "Dolgova, Olga"]
[Result "1-0"]
[ECO "B13"]
[WhiteElo "1875"]
[BlackElo "2202"]
[Annotator "ChessBase"]
[PlyCount "141"]
[EventDate "2023.10.27"]
[EventType "team-tourn"]
[EventCountry "NOR"]
[SourceTitle "playchess.com"]
[Source "ChessBase"]
[SourceQuality "1"]
[TimeControl "40/5400+30:1800+30"]

1. e4 c6 2. d4 d5 3. exd5 cxd5 4. Bd3 Nc6 5. c3 g6 6. Nf3 Nh6 7. O-O Bg7 8. Re1 O-O 9. Bf4 Nf5 10. h3 a6 11. Nbd2 Nd6 12. Qb3 Qa5 13. Ne5 Nd8 14. Ndf3 Ne6 15. Bh2 Rd8 16. Ng4 Nf5 17. Qc2 Nf8 18. a4 Be6 19. Ng5 Nd6 20. Nxe6 Nxe6 21. Ne5 Nf8 22. Bf1 Rac8 23. Qe2 e6 24. Nd3 Qc7 25. Nc5 Qe7 26. a5 Nb5 27. Qd1 Rxc5 28. dxc5 Qxc5 29. Be5 Bxe5 30. Rxe5 Nd7 31. Re3 Nd6 32. Qe1 Nf5 33. Rd3 Qc7 34. Rdd1 Ne5 35. Bd3 Ne7 36. Qe3 N7c6 37. b4 Rc8 38. Be2 Nd7 39. Rac1 Nce5 40. Qg3 Qc6 41. h4 Nc4 42. h5 Nd6 43. Bd3 Nf6 44. hxg6 hxg6 45. Bxg6 Kf8 46. Qh4 Ke7 47. Bd3 Rg8 48. Qd4 Rg4 49. Qc5 Qe8 50. f3 Rg5 51. c4 Nd7 52. Qc7 dxc4 53. Bxc4 Qb8 54. Be2 Qxc7 55. Rxc7 Kd8 56. Rc3 Ne8 57. f4 Rg7 58. Bf3 Nc7 59. Bxb7 f6 60. Rcd3 Nd5 61. Bxd5 exd5 62. Rxd5 Kc7 63. Rxd7+ Rxd7 64. Rxd7+ Kxd7 65. g4 Kd6 66. Kf2 Kd5 67. g5 fxg5 68. fxg5 Ke5 69. Ke3 Kf5 70. b5 axb5 71. a6 1-0

[Event "Norway Eliteserien 2023-24"]
[Site "Oslo"]
[Date "2024.02.04"]
[Round "5.41"]
[White "Petkov, Momchil"]
[Black "Pantzar, Milton"]
[Result "1/2-1/2"]
[ECO "B12"]
[WhiteElo "2504"]
[BlackElo "2468"]
[Annotator "ChessBase"]
[PlyCount "49"]
[EventDate "2023.10.27"]
[EventType "team-tourn"]
[EventCountry "NOR"]
[SourceTitle "playchess.com"]
[Source "ChessBase"]
[SourceQuality "1"]
[TimeControl "40/5400+30:1800+30"]

1. e4 c6 2. d4 d5 3. e5 c5 4. dxc5 e6 5. Qg4 h5 6. Qf4 Bxc5 7. Nc3 Nc6 8. Nf3 Nh6 9. Bd3 Nb4 10. O-O Nxd3 11. cxd3 Nf5 12. d4 Be7 13. Ne2 Rg8 14. Ng3 g5 15. Qd2 h4 16. Nxf5 exf5 17. Qd3 Rg6 18. Bd2 f4 19. Bb4 Bxb4 20. Qb5+ Rc6 21. Qxb4 g4 22. Ne1 Bf5 23. Qd2 f3 24. Qf4 Be4 25. Rd1 1/2-1/2

[Event "Norway Eliteserien 2023-24"]
[Site "Oslo"]
[Date "2024.02.04"]
[Round "5.42"]
[White "Storme, Isak"]
[Black "Delchev, Aleksander"]
[Result "1/2-1/2"]
[ECO "C47"]
[WhiteElo "2439"]
[BlackElo "2492"]
[Annotator "ChessBase"]
[PlyCount "56"]
[EventDate "2023.10.27"]
[EventType "team-tourn"]
[EventCountry "NOR"]
[SourceTitle "playchess.com"]
[Source "ChessBase"]
[SourceQuality "1"]
[TimeControl "40/5400+30:1800+30"]

1. e4 e5 2. Nf3 Nc6 3. Nc3 Nf6 4. d4 exd4 5. Nxd4 Bb4 6. Nxc6 bxc6 7. Bd3 d5 8. exd5 O-O 9. O-O cxd5 10. Bg5 c6 11. Qf3 Bd6 12. Rae1 Rb8 13. Nd1 h6 14. Bxf6 Qxf6 15. Qxf6 gxf6 16. b3 a5 17. Ne3 Bb4 18. Re2 Bc3 19. Nf5 Bxf5 20. Bxf5 Rfe8 21. Rxe8+ Rxe8 22. Bd7 Re2 23. Bf5 Kf8 24. Bd3 Rd2 25. g3 Bd4 26. Kg2 Ke7 27. Re1+ Kd6 28. Re2 Rxe2 1/2-1/2

[Event "Norway Eliteserien 2023-24"]
[Site "Oslo"]
[Date "2024.02.04"]
[Round "5.43"]
[White "Elmi, Saad Abobaker"]
[Black "Risting, Eivind Olav"]
[Result "1/2-1/2"]
[ECO "B67"]
[WhiteElo "2323"]
[BlackElo "2324"]
[Annotator "ChessBase"]
[PlyCount "94"]
[EventDate "2023.10.27"]
[EventType "team-tourn"]
[EventCountry "NOR"]
[SourceTitle "playchess.com"]
[Source "ChessBase"]
[SourceQuality "1"]
[TimeControl "40/5400+30:1800+30"]

1. e4 c5 2. Nf3 d6 3. d4 cxd4 4. Nxd4 Nf6 5. Nc3 Nc6 6. Bg5 e6 7. Qd2 a6 8. O-O-O Bd7 9. Kb1 h6 10. Be3 Ng4 11. Nxc6 bxc6 12. Bf4 e5 13. Bg3 Be7 14. Bc4 Qb6 15. Bb3 Be6 16. f3 Nf6 17. Bf2 Qc7 18. g4 Rd8 19. Qe2 Qb7 20. h4 Bxb3 21. axb3 Nd7 22. Be3 Nf8 23. f4 exf4 24. Bxf4 Ne6 25. Bg3 Rd7 26. Qf3 Qb4 27. Rh2 Qc5 28. Rhd2 a5 29. Qf5 Qb4 30. Na2 Qc5 31. Bxd6 Bxd6 32. Qxc5 Nxc5 33. Rxd6 Ke7 34. Rxd7+ Nxd7 35. b4 axb4 36. Nxb4 Ne5 37. Kc1 Rc8 38. Rg1 Nf3 39. Rf1 Nxh4 40. Nd3 Ng6 41. Kd2 f6 42. Ra1 Rc7 43. b4 Ne5 44. Nxe5 fxe5 45. Rf1 Ke6 46. Rf8 Rf7 47. Rxf7 Kxf7 1/2-1/2

[Event "Norway Eliteserien 2023-24"]
[Site "Oslo"]
[Date "2024.02.04"]
[Round "5.44"]
[White "Wallace, John Paul"]
[Black "Adnoy, Hallvard V."]
[Result "1-0"]
[ECO "C41"]
[WhiteElo "2365"]
[BlackElo "2303"]
[Annotator "ChessBase"]
[PlyCount "51"]
[EventDate "2023.10.27"]
[EventType "team-tourn"]
[EventCountry "NOR"]
[SourceTitle "playchess.com"]
[Source "ChessBase"]
[SourceQuality "1"]
[TimeControl "40/5400+30:1800+30"]

1. e4 d6 2. d4 Nf6 3. Nc3 e5 4. Nf3 Nbd7 5. Rg1 c6 6. g4 h6 7. Be3 b5 8. a3 Bb7 9. h4 exd4 10. Nxd4 h5 11. gxh5 Nxh5 12. Be2 g6 13. Qd2 a6 14. O-O-O Qc7 15. Bg5 Nhf6 16. h5 c5 17. Ndxb5 axb5 18. Nxb5 Qb6 19. hxg6 fxg6 20. Qf4 Nxe4 21. Bc4 Ne5 22. Rge1 Rh5 23. Rxe4 Rxg5 24. Qf7+ Kd8 25. Qxf8+ Kd7 26. Rxd6+ 1-0

[Event "Norway Eliteserien 2023-24"]
[Site "Oslo"]
[Date "2024.02.03"]
[Round "5.45"]
[White "Stigar, Petter"]
[Black "SK 1911-A. Lindbøl"]
[Result "*"]
[ECO "D30"]
[WhiteElo "2173"]
[BlackElo "2230"]
[Annotator "NA"]
[PlyCount "29"]
[EventDate "2023.10.27"]
[EventType "team-tourn"]
[EventCountry "NOR"]
[SourceTitle "playchess.com"]
[Source "ChessBase"]
[SourceQuality "1"]
[TimeControl "40/5400+30:1800+30"]

1. d4 d5 2. c4 c6 3. Nf3 Nf6 4. e3 e6 5. Bd3 Nbd7 6. O-O dxc4 7. Bxc4 b5 8. Bd3 Bb7 9. e4 Be7 10. Bg5 h6 11. Bh4 a6 12. a4 O-O 13. Nbd2 Nh5 14. Bxe7 Qxe7 15. e5 *

[Event "Norway Eliteserien 2023-24"]
[Site "Oslo"]
[Date "2024.02.04"]
[Round "5.45"]
[White "Stigar, Petter"]
[Black "Lindbol, Aleksander"]
[Result "0-1"]
[ECO "D30"]
[WhiteElo "2173"]
[BlackElo "2229"]
[Annotator "ChessBase"]
[PlyCount "46"]
[EventDate "2023.10.27"]
[EventType "team-tourn"]
[EventCountry "NOR"]
[SourceTitle "playchess.com"]
[Source "ChessBase"]
[SourceQuality "1"]
[TimeControl "40/5400+30:1800+30"]

1. d4 d5 2. c4 c6 3. Nf3 Nf6 4. e3 e6 5. Bd3 Nbd7 6. O-O dxc4 7. Bxc4 b5 8. Bd3 Bb7 9. e4 Be7 10. Bg5 h6 11. Bh4 a6 12. a4 O-O 13. Nbd2 Nh5 14. Bxe7 Qxe7 15. e5 Nf4 16. Ne4 c5 17. axb5 axb5 18. Rxa8 Bxa8 19. Re1 cxd4 20. Bxb5 Rb8 21. Bf1 Qb4 22. Qxd4 Qxd4 23. Nxd4 Rb4 0-1

[Event "Norway Eliteserien 2023-24"]
[Site "Oslo"]
[Date "2024.02.04"]
[Round "5.46"]
[White "Kjolberg, Jens Hjorth"]
[Black "Mellem, Nicolas Axel"]
[Result "1-0"]
[ECO "B06"]
[WhiteElo "2183"]
[BlackElo "2145"]
[Annotator "ChessBase"]
[PlyCount "87"]
[EventDate "2023.10.27"]
[EventType "team-tourn"]
[EventCountry "NOR"]
[SourceTitle "playchess.com"]
[Source "ChessBase"]
[SourceQuality "1"]
[TimeControl "40/5400+30:1800+30"]

1. e4 g6 2. d4 Bg7 3. Nf3 c6 4. Bd3 d5 5. e5 Nh6 6. Bf4 Bg4 7. Nbd2 Nf5 8. h3 Bxf3 9. Nxf3 e6 10. Qd2 Qb6 11. c3 c5 12. dxc5 Qxc5 13. O-O Nc6 14. Rfe1 h5 15. b4 Qb6 16. a4 Rc8 17. a5 Qc7 18. Rac1 a6 19. g3 Bf8 20. Kg2 Be7 21. Bg5 Bxg5 22. Qxg5 Qe7 23. Qf4 Kf8 24. g4 hxg4 25. hxg4 Nh6 26. Rh1 Kg7 27. Rh3 Ng8 28. Rxh8 Kxh8 29. Rh1+ Kg7 30. Ng5 Nd8 31. Rh7+ Kf8 32. Bxg6 Rc4 33. Qf3 Qxg5 34. Rxf7+ Ke8 35. Rg7+ Qxg6 36. Rxg6 Ne7 37. Rf6 Kd7 38. g5 Re4 39. Qg3 Nf5 40. Rxf5 exf5 41. f3 Rc4 42. g6 Ne6 43. g7 Nf4+ 44. Qxf4 1-0

[Event "Norway Eliteserien 2023-24"]
[Site "Oslo"]
[Date "2024.02.04"]
[Round "5.51"]
[White "Houska, Jovanka"]
[Black "Notkevich, Benjamin Arvola"]
[Result "0-1"]
[ECO "A48"]
[WhiteElo "2342"]
[BlackElo "2462"]
[Annotator "ChessBase"]
[PlyCount "104"]
[EventDate "2023.10.27"]
[EventType "team-tourn"]
[EventCountry "NOR"]
[SourceTitle "playchess.com"]
[Source "ChessBase"]
[SourceQuality "1"]
[TimeControl "40/5400+30:1800+30"]

1. d4 Nf6 2. Nf3 g6 3. b3 c5 4. dxc5 Qa5+ 5. Nbd2 Ne4 6. Bb2 Nc3 7. Qc1 Bg7 8. e3 Qxc5 9. Bd3 d5 10. O-O Bf5 11. Kh1 Nc6 12. a3 O-O 13. b4 Qd6 14. Bxf5 gxf5 15. Qe1 Rfc8 16. Nb3 Ne4 17. Bxg7 Kxg7 18. Rd1 Ne5 19. Nbd4 e6 20. Nxe5 Qxe5 21. f3 Nd6 22. Qh4 Nc4 23. Rd3 Qf6 24. Qxf6+ Kxf6 25. e4 f4 26. exd5 Ne3 27. Rc1 Nxd5 28. c4 a5 29. b5 Ne3 30. Ne2 Nxc4 31. Rdc3 Nd6 32. Nxf4 Rxc3 33. Rxc3 Nxb5 34. Rb3 Nd6 35. Rb6 Ra6 36. Rb3 b5 37. g4 Rc6 38. Kg2 a4 39. Rd3 Ke7 40. Re3 Rc2+ 41. Kg3 Nc4 42. Re4 Nxa3 43. Nd5+ Kd6 44. Ne3 Rc3 45. g5 Nc4 46. Ng4 a3 47. Rd4+ Kc5 48. Rd1 Ne3 49. Rd7 Nxg4 50. Rxf7 Ne5 51. Rxh7 Rxf3+ 52. Kg2 Rf4 0-1

[Event "Norway Eliteserien 2023-24"]
[Site "Oslo"]
[Date "2024.02.04"]
[Round "5.52"]
[White "Vestby-Ellingsen, Mads"]
[Black "Bern, Ivar"]
[Result "0-1"]
[ECO "B36"]
[WhiteElo "2338"]
[BlackElo "2300"]
[Annotator "ChessBase"]
[PlyCount "76"]
[EventDate "2023.10.27"]
[EventType "team-tourn"]
[EventCountry "NOR"]
[SourceTitle "playchess.com"]
[Source "ChessBase"]
[SourceQuality "1"]
[TimeControl "40/5400+30:1800+30"]

1. e4 c5 2. Nf3 Nc6 3. d4 cxd4 4. Nxd4 g6 5. c4 Nf6 6. Nc3 d6 7. Be2 Nxd4 8. Qxd4 Bg7 9. O-O O-O 10. Qd3 Be6 11. Be3 Nd7 12. b3 Qa5 13. Bd2 Rfc8 14. Rac1 Qd8 15. Nd5 a5 16. Bg5 Bxd5 17. exd5 Bf6 18. Be3 Nc5 19. Qc2 Qb6 20. Rb1 Qb4 21. Bd2 Qa3 22. Bg4 Rc7 23. Be3 b6 24. Rfe1 a4 25. b4 Nd3 26. Red1 Nxb4 27. Qd2 Rxc4 28. Be2 Rc2 29. Qe1 Qxa2 30. Qxb4 Rxe2 31. Qxb6 Rb2 32. Rxb2 Qxb2 33. Qc6 Qb8 34. Qc2 Qb3 35. Qd2 a3 36. Bd4 Bxd4 37. Qxd4 Qb2 38. Qd2 Qxd2 0-1

[Event "Norway Eliteserien 2023-24"]
[Site "Oslo"]
[Date "2024.02.04"]
[Round "5.53"]
[White "Stokke, Kjetil"]
[Black "Lund, Gunnar"]
[Result "1/2-1/2"]
[ECO "A07"]
[WhiteElo "2302"]
[BlackElo "2321"]
[Annotator "ChessBase"]
[PlyCount "63"]
[EventDate "2023.10.27"]
[EventType "team-tourn"]
[EventCountry "NOR"]
[SourceTitle "playchess.com"]
[Source "ChessBase"]
[SourceQuality "1"]
[TimeControl "40/5400+30:1800+30"]

1. Nf3 d5 2. g3 Nd7 3. Bg2 e5 4. d3 Ngf6 5. O-O Be7 6. b3 c6 7. Bb2 Qc7 8. c4 O-O 9. cxd5 cxd5 10. Qd2 Bd6 11. Nc3 a6 12. Rac1 Qd8 13. e3 Qe7 14. Nh4 Nb6 15. Ne2 Bb4 16. Bc3 Bxc3 17. Qxc3 Bg4 18. Qb2 Rac8 19. Nf3 Nbd7 20. h3 Bxf3 21. Bxf3 Qb4 22. Bg2 b5 23. a3 Qd6 24. b4 Nb6 25. Rxc8 Rxc8 26. Rc1 Rc7 27. Rc2 Ne8 28. Rxc7 Qxc7 29. Qc1 Qxc1+ 30. Nxc1 Kf8 31. Nb3 Ke7 32. Kf1 1/2-1/2

[Event "Norway Eliteserien 2023-24"]
[Site "Oslo"]
[Date "2024.02.04"]
[Round "5.54"]
[White "Schouten, Mathias Lind"]
[Black "Gullaksen, Eirik"]
[Result "1-0"]
[ECO "E92"]
[WhiteElo "2291"]
[BlackElo "2321"]
[Annotator "ChessBase"]
[PlyCount "59"]
[EventDate "2023.10.27"]
[EventType "team-tourn"]
[EventCountry "NOR"]
[SourceTitle "playchess.com"]
[Source "ChessBase"]
[SourceQuality "1"]
[TimeControl "40/5400+30:1800+30"]

1. d4 Nf6 2. c4 g6 3. Nc3 Bg7 4. e4 d6 5. Nf3 O-O 6. Be2 e5 7. Be3 h6 8. dxe5 dxe5 9. Qc2 Ng4 10. Bc5 Re8 11. Rd1 Nd7 12. h3 Ngf6 13. O-O b6 14. Be3 Bb7 15. Nd5 Nh7 16. Qc1 h5 17. g4 c6 18. Nc3 hxg4 19. hxg4 Qe7 20. Kg2 Nc5 21. Rh1 Ne6 22. Rh3 Nhf8 23. Rdh1 Rad8 24. Qg1 g5 25. Qh2 Ng6 26. Kf1 Qf6 27. Rh5 Ngf4 28. Bxf4 exf4 29. e5 Qg6 30. Rh8+ 1-0

[Event "Norway Eliteserien 2023-24"]
[Site "Oslo"]
[Date "2024.02.04"]
[Round "5.55"]
[White "Abdullah, Mansoor"]
[Black "Machlik, Monika"]
[Result "1/2-1/2"]
[ECO "E11"]
[WhiteElo "2270"]
[BlackElo "2068"]
[Annotator "ChessBase"]
[PlyCount "128"]
[EventDate "2023.10.27"]
[EventType "team-tourn"]
[EventCountry "NOR"]
[SourceTitle "playchess.com"]
[Source "ChessBase"]
[SourceQuality "1"]
[TimeControl "40/5400+30:1800+30"]

1. d4 Nf6 2. c4 e6 3. Nf3 Bb4+ 4. Bd2 a5 5. a3 Bxd2+ 6. Qxd2 d6 7. Nc3 O-O 8. O-O-O c6 9. e4 b5 10. cxb5 cxb5 11. Bxb5 Ba6 12. Ba4 Nbd7 13. e5 Nd5 14. Nxd5 exd5 15. Bxd7 Qxd7 16. Kb1 Rfc8 17. Rc1 Bc4 18. Rc3 Rab8 19. Rhc1 Re8 20. Qc2 h6 21. Ka1 Qb7 22. Nd2 dxe5 23. Nxc4 dxc4 24. dxe5 Rxe5 25. Rxc4 Qxg2 26. h4 Rbe8 27. Rf4 Qb7 28. Qc7 Qb3 29. Qc4 Qb7 30. Rc3 Re4 31. Rxe4 Rxe4 32. Qc8+ Qxc8 33. Rxc8+ Kh7 34. Rc5 a4 35. h5 g6 36. hxg6+ Kxg6 37. b4 axb3 38. Kb2 h5 39. Kxb3 h4 40. Rc3 Kg5 41. a4 Rf4 42. a5 Rxf2 43. a6 Re2 44. Rc8 Re7 45. Kc4 h3 46. Rh8 Kg4 47. Kb5 f5 48. Rg8+ Kf3 49. Rh8 Kg2 50. Rg8+ Kh1 51. Rf8 h2 52. Rxf5 Kg2 53. Rg5+ Kf3 54. Rf5+ Kg3 55. Rf1 Kg2 56. Rc1 Rf7 57. Kb6 Rf6+ 58. Kb7 Rf1 59. Rxf1 Kxf1 60. a7 h1=Q+ 61. Kb8 Qh2+ 62. Kb7 Qg2+ 63. Kb8 Qb2+ 64. Ka8 Qb1 1/2-1/2